 Dungeon Crawl Stone Soup version 0.30-a0-737-gf23d94013f (webtiles) character file.

Game seed: 11639527849330119680

36407 arthad the Fighter (level 13, -2/91 HPs)
             Began as a Gargoyle Fighter on Feb 3, 2023.
             Was an Initiate of Gozag.
             Killed from afar by a deep elf knight (34 damage)
             ... with a shard of ice
             ... on level 14 of the Dungeon.
             The game lasted 00:43:13 (16868 turns).

arthad the Fighter (Gargoyle Fighter)              Turns: 16868, Time: 00:43:14

Health: -2/91      AC: 32    Str: 22    XL:     13   Next: 90%
Magic:  6/13       EV: 15    Int: 12    God:    Gozag
Gold:   965        SH: 10    Dex:  9    Spells: 12/12 levels left

rFire   + . .      SeeInvis .    a - +7 broad axe (drain)
rCold   . . .      Faith    .    K - +0 kite shield
rNeg    + . .      Spirit   .    l - +2 scale mail "Ecwupna" {rElec Slay+3}
rPois   ∞          Reflect  .    n - +0 helmet
rElec   +          Harm     .    J - +2 cloak
rCorr   .          Rampage  .    M - +2 pair of gloves {infuse}
Will    .....                    P - +2 pair of boots Stlth
                                 i - amulet of regeneration
HPRegen 1.15/turn                S - ring of protection from fire
MPRegen 0.13/turn                Q - +5 ring of evasion

@: gold aura
A: sickness immunity, AC +9, negative energy resistance 1, electricity
resistance, torment resistance 1, petrification resistance
a: Renounce Religion, Potion Petition, Call Merchant, Bribe Branch


You were on level 14 of the Dungeon.
You worshipped Gozag.
Gozag was pleased with you.
You visited 1 branch of the dungeon, and saw 14 of its levels.

You collected 3252 gold pieces.
You spent 812 gold pieces at shops.
You paid 1475 gold pieces to Gozag.

Inventory:

Hand Weapons
 a - a +7 broad axe of draining (weapon)
 f - a +1 broad axe
 q - a +0 whip of draining
 y - a +0 war axe of electrocution
 E - a +0 triple crossbow
 F - a +2 whip of freezing
 T - a +4 scimitar of flaming
 Z - a +0 flail
Missiles
 b - 5 curare-tipped darts
 h - 4 throwing nets
 s - 16 poisoned darts (quivered)
Armour
 c - the +3 hat of Pondering {ponderous, Will+ MP+10 Int+5}
   (You took it off Gastronok on level 12 of the Dungeon)

   Int:       It affects your intelligence (+5).
   MP:        It affects your magic capacity (+10).
   Will:      It increases your willpower.
 l - the +2 scale mail "Ecwupna" (worn) {rElec Slay+3}
   (You found it on level 2 of the Dungeon)

   Slay:      It affects your accuracy & damage with ranged weapons and melee
   (+3).
   rElec:     It insulates you from electricity.
 n - a +0 helmet (worn)
 J - a +2 cloak (worn)
 K - a +0 kite shield (worn)
 M - a +2 pair of gloves of infusion (worn)
 P - a +2 pair of boots (worn)
Jewellery
 d - a +6 ring of dexterity
 i - an amulet of regeneration (around neck)
 r - an amulet of reflection
 u - a +6 ring of strength
 z - a +6 ring of strength
 Q - a +5 ring of evasion (right hand)
 S - a ring of protection from fire (left hand)
 Y - a +6 ring of intelligence
Wands
 g - a wand of mindburst (4)
 m - a wand of paralysis (7)
 L - a wand of flame (6)
 O - a wand of polymorph (1)
 V - a wand of light (3)
 W - a wand of digging (4)
Scrolls
 e - 5 scrolls of blinking
 j - 2 scrolls of enchant armour
 k - 2 scrolls of fear
 p - 3 scrolls of teleportation
 w - 2 scrolls of immolation
 x - a scroll of poison
 C - 3 scrolls of amnesia
 D - 2 scrolls of magic mapping
 H - a scroll of butterflies
 I - 2 scrolls of vulnerability
 U - 9 scrolls of identify
 X - 2 scrolls of fog
Potions
 o - 3 potions of attraction
 t - 2 potions of flight
 v - 4 potions of brilliance
 B - 3 potions of lignification
 G - a potion of resistance
 N - 2 potions of mutation
 R - 4 potions of curing


   Skills:
 * Level 14.4 Fighting
 * Level 3.5(8.3) Axes
 - Level 12.7(12.9) Maces & Flails
 + Level 10.6 Armour
 + Level 3.9 Dodging
 + Level 10.5 Shields
 + Level 5.2 Evocations


You had 12 spell levels left.
You didn't know any spells.
Your spell library contained the following spells:

 Spells                   Type           Power      Damage    Failure   Level
 Beastly Appendage        Tmut           0%         N/A       85%         1
 Magic Dart               Conj           0%         1d3       85%         1
 Necrotise                Necr           0%         1d4       85%         1
 Summon Small Mammal      Summ           0%         N/A       85%         1
 Call Imp                 Summ           0%         N/A       94%         2
 Ensorcelled Hibernation  Hex/Ice        0%         N/A       94%         2
 Poisonous Vapours        Pois/Air       0%         N/A       94%         2
 Wereblood                Tmut           0%         N/A       94%         2
 Call Canine Familiar     Summ           0%         N/A       99%         3
 Mephitic Cloud           Conj/Pois/Air  0%         N/A       99%         3
 Spider Form              Tmut/Pois      0%         N/A       99%         3
 Summon Guardian Golem    Hex/Summ       0%         N/A       99%         3
 Vampiric Draining        Necr           0%         2d6       99%         3
 Anguish                  Hex/Necr       0%         N/A       100%        4
 Summon Lightning Spire   Summ/Air       0%         N/A       100%        4
 Agony                    Necr           0%         N/A       100%        5
 Summon Forest            Summ/Tloc      0%         N/A       100%        5
 Summon Mana Viper        Hex/Summ       0%         N/A       100%        5
 Conjure Ball Lightning   Conj/Air       0%         3x3d6     100%        6
 Summon Cactus Giant      Summ           0%         N/A       100%        6
 Storm Form               Tmut/Air       0%         N/A       100%        7
 Summon Hydra             Summ           0%         N/A       100%        7
 Discord                  Hex            0%         N/A       100%        8
 Disjunction              Tloc           0%         N/A       100%        8
 Maxwell's Capacitive Co  Air            0%         ∞         100%        8
 Cigotuvi's Dreadful Rot  Necr/Pois/Air  Unusable   N/A       N/A         2
 Sublimation of Blood     Necr           Unusable   N/A       N/A         2

Dungeon Overview and Level Annotations

Branches:
Dungeon (14/15)            Temple (0/1) D:7            Lair (0/5) D:8
    Orc (0/2) D:10         Vaults (0/5) D:14

Altars:
Cheibriados
Gozag
Kikubaaqudgha
Makhleb
Okawaru
Ru
Sif Muna
Trog
Uskayaw
Vehumet
Xom

Shops:
D:5 *   D:7 (   D:8 **(*

Annotations:
D:5 2 runed translucent doors, b0rk's ghost, novice VSHu
D:11 1 runed translucent door, Strat's ghost, journeyman GnRe


Innate Abilities, Weirdness & Mutations

You are immune to sickness and miasma.
Your stone body is resilient. (AC +9)
You are immune to poison.
You resist negative energy. (rN+)
You are resistant to electric shocks. (rElec)
You are resistant to unholy torment.
You are immune to petrification.


Message History

The orc knight closely misses you.
You slash the orc knight! You drain the orc knight.
The orc knight is severely wounded.
You miss something. Something hits you but does no damage. Something hits you.
You block the orc knight's attack.
You slash the orc knight!
The orc knight is almost dead.
You miss something. Something hits you but does no damage.
The orc knight hits you but does no damage.
Something hits you.
You closely miss the orc knight.
The orc knight is almost dead.
You barely miss something. Something hits you! The orc knight misses you.
Something barely misses you.
The orc knight hits you but does no damage.
You are too injured to fight recklessly!
You are too injured to fight recklessly!
You are too injured to fight recklessly!
You are too injured to fight recklessly!
You are too injured to fight recklessly!
You are too injured to fight recklessly!
You are too injured to fight recklessly!
You are too injured to fight recklessly!
You are too injured to fight recklessly!
You are too injured to fight recklessly!
You are too injured to fight recklessly!
You are too injured to fight recklessly!
You are too injured to fight recklessly!
You are too injured to fight recklessly!
You are too injured to fight recklessly!
You are too injured to fight recklessly!
You are too injured to fight recklessly!
You slash the orc knight!
You kill the orc knight!
You slash something! Something hits you! Something hits you but does no damage.
You hear some strange, mumbled words.
A shard of ice appears from out of thin air!
The shard of ice hits you!!
You die...
Your body crumbles into a pile of gold.

##.~~~~.....~~~~....+
#....###
#.~≈≈≈≈~...~$≈≈≈~...# $
.~≈≈≈≈≈~$..~≈≈≈≈≈~..#
#.≈≈≈≈≈≈~...~≈≈≈≈≈≈....
####..###')'###..###.##
#...# #...# #...# .#
#.$$# #...# #...# #...#
#).)# #.${#
##'####.#.####@##
#..))...........#
#...............#
#..............?#
########'######## #⌠.⌠#
#.∩.# #⌠.⌠# #####


There were no monsters in sight!

Vanquished Creatures
  Gastronok (D:12)
  Frances (D:12)
  Nessos (D:14)
  A hydra (D:12)
  Fannar (D:10)
  3 vault guards (D:14)
  A death knight (D:13)
  3 centaur warriors
  3 boulder beetles
  2 two-headed ogres
  A swamp dragon (D:12)
  A wizard (D:14)
  2 orc knights (D:14)
  Pikel (D:8)
  3 deep elf pyromancers
  2 ugly things
  5 cyclopes
  A gargoyle (D:14)
  An unseen horror (D:11)
  2 freezing wraiths (D:14)
  3 efreet
  A rime drake (D:8)
  2 tengu conjurers
  A kobold demonologist (D:12)
  A rime drake (shapeshifter) (D:14)
  A komodo dragon (D:12)
  2 yaktaurs
  A troll (shapeshifter) (D:14)
  3 trolls
  6 meliai
  2 hornets
  2 wyverns
  2 shadows
  17 yaks
  A vampire (D:14)
  A human (D:7)
  2 basilisks
  4 wraiths
  2 hogs (D:7)
  Grum (D:11)
  5 steam dragons
  12 vampire mosquitoes
  2 wargs (D:10)
  3 acid dragons
  7 orc warriors
  3 sky beasts
  2 black bears (D:6)
  6 ice beasts
  An ogre (D:7)
  4 wolves
  2 lemures (D:8)
  13 centaurs
  2 gnoll sergeants
  7 bullfrogs
  3 scorpions
  9 killer bees
  10 electric eels
  A howler monkey (D:4)
  2 hounds (D:6)
  8 orc priests
  A gnoll bouda (D:7)
  5 jellies
  An iron imp (D:10)
  2 iguanas (D:5)
  10 orc wizards
  A hound skeleton (D:3)
  12 gnolls
  7 adders
  A shadow imp (D:7)
  A white imp (D:7)
  2 ufetubi (D:6)
  An adder skeleton (D:3)
  2 worms
  5 dart slugs
  45 orcs
  4 bats (D:1)
  7 endoplasms
  6 giant cockroaches
  8 goblins
  8 hobgoblins
  4 jackals (D:1)
  4 quokkas
  3 ball pythons
  2 ball python skeletons (D:3)
  4 frilled lizards
  6 kobolds
  A quokka skeleton (D:3)
  A quokka zombie (D:3)
  5 rats
352 creatures vanquished.

Vanquished Creatures (others)
  A water elemental (D:12)
  A wyvern (D:9)
2 creatures vanquished.

Grand Total: 354 creatures vanquished

Notes
Turn   | Place    | Note
-------+----------+-------------------------------------------
     0 | D:1      | arthad the Gargoyle Fighter began the quest for the Orb.
     0 | D:1      | Reached XP level 1. HP: 14/14 MP: 1/1
   103 | D:1      | Reached XP level 2. HP: 19/19 MP: 2/2
   243 | D:1      | Reached XP level 3. HP: 24/24 MP: 3/3
   826 | D:2      | Reached skill level 4 in Fighting
   826 | D:2      | Reached XP level 4. HP: 21/29 MP: 4/4
  1134 | D:2      | Identified the +2 scale mail "Ecwupna" {rElec Slay+3}
  1499 | D:3      | Reached XP level 5. HP: 34/34 MP: 5/5
  1991 | D:3      | Reached XP level 6. HP: 38/40 MP: 6/6
  2028 | D:3      | Reached skill level 5 in Fighting
  2422 | D:4      | Found a bloodstained altar of Trog.
  2643 | D:4      | Reached XP level 7. HP: 44/44 MP: 7/7
  2774 | D:4      | Found a radiant altar of Vehumet.
  3013 | D:5      | Entered Level 5 of the Dungeon
  3037 | D:5      | Reached skill level 6 in Fighting
  3163 | D:5      | Found Xuohahaq's Assorted Antiques.
  3168 | D:5      | Bought a bubbling sapphire potion for 27 gold pieces
  3168 | D:5      | Bought a dark potion for 27 gold pieces
  3168 | D:5      | Bought a scroll labelled ITYPTI UVISSU for 30 gold pieces
  3168 | D:5      | Bought a puce potion for 27 gold pieces
  3168 | D:5      | Bought a scroll labelled JANU DY JUPP for 30 gold pieces
  3170 | D:5      | Found a large runed translucent door.
  3170 | D:5      | Found a large runed translucent door.
  3171 | D:5      | Noticed b0rk's ghost (novice VSHu)
  3441 | D:5      | Found a shimmering altar of Xom.
  3827 | D:5      | Reached skill level 5 in Maces & Flails
  4244 | D:6      | Reached skill level 5 in Armour
  4244 | D:6      | Reached skill level 5 in Shields
  4244 | D:6      | Reached XP level 8. HP: 16/52 MP: 8/8
  4302 | D:6      | Reached skill level 7 in Fighting
  4324 | D:6      | Found a shimmering blue altar of Sif Muna.
  4553 | D:6      | Found an opulent altar of Gozag.
  4625 | D:6      | Became a worshipper of Gozag Ym Sagoz the Greedy
  4992 | D:6      | Found a hide-covered altar of Uskayaw.
  5111 | D:7      | Reached XP level 9. HP: 59/59 MP: 9/9
  5124 | D:7      | Reached skill level 8 in Fighting
  5566 | D:7      | Found a staircase to the Ecumenical Temple.
  5585 | D:7      | Found an iron altar of Okawaru.
  5687 | D:7      | Found Irouhih's Weapon Emporium.
  5793 | D:5      | Bought a forked bronze wand for 120 gold pieces
  5912 | D:7      | Reached skill level 9 in Fighting
  6414 | D:8      | Reached XP level 10. HP: 55/66 MP: 10/10
  6437 | D:8      | Noticed Pikel
  6461 | D:8      | Found Geiwom's Assorted Antiques.
  6494 | D:8      | Killed Pikel
  6542 | D:8      | Bought a scroll labelled CAMEXZ HELO for 34 gold pieces
  6574 | D:8      | Noticed a two-headed ogre
  6590 | D:8      | Killed a two-headed ogre
  6591 | D:8      | Reached skill level 10 in Fighting
  6648 | D:8      | Found Baphay's General Store.
  6665 | D:8      | Bought a +2 pair of gloves of infusion for 279 gold pieces
  6852 | D:8      | Found Nystrie Umid's Weapon Emporium.
  7209 | D:8      | Found a staircase to the Lair.
  7302 | D:8      | Found Tuwn's Assorted Antiques.
  7313 | D:8      | Bought a scroll labelled LEKHAU RYFYEC for 28 gold pieces
  7313 | D:8      | Bought a pair of runed boots for 210 gold pieces
  8340 | D:9      | Reached skill level 11 in Fighting
  8340 | D:9      | Reached XP level 11. HP: 54/74 MP: 1/11
  8471 | D:9      | Found a sacrificial altar of Ru.
  8774 | D:9      | Found a burning altar of Makhleb.
  8957 | D:9      | Found an ancient bone altar of Kikubaaqudgha.
  9140 | D:10     | Entered Level 10 of the Dungeon
  9331 | D:9      | Reached skill level 10 in Maces & Flails
 10036 | D:10     | Noticed Fannar
 10048 | D:10     | Found a snail-covered altar of Cheibriados.
 10108 | D:10     | Killed Fannar
 10109 | D:10     | Reached skill level 1 in Evocations
 10587 | D:10     | Found a staircase to the Orcish Mines.
 11259 | D:11     | Noticed a boulder beetle
 11261 | D:11     | Found a runed translucent door.
 11270 | D:11     | Noticed Strat's ghost (journeyman GnRe)
 11290 | D:11     | Noticed Grum
 11300 | D:11     | Killed a boulder beetle
 11325 | D:11     | Killed Grum
 11326 | D:11     | Reached skill level 12 in Fighting
 11945 | D:11     | Noticed a two-headed ogre
 11959 | D:11     | Killed a two-headed ogre
 11974 | D:11     | Reached XP level 12. HP: 79/82 MP: 2/12
 12672 | D:12     | Noticed Frances
 12706 | D:12     | Noticed a soul eater
 12721 | D:12     | Killed Frances
 12722 | D:12     | Reached skill level 1 in Dodging
 13295 | D:12     | Noticed a centaur warrior
 13306 | D:12     | Killed a centaur warrior
 13397 | D:12     | Reached skill level 13 in Fighting
 13443 | D:12     | Noticed a six-headed hydra
 13449 | D:12     | Noticed a boulder beetle
 13454 | D:12     | Killed a six-headed hydra
 13500 | D:12     | Killed a boulder beetle
 13716 | D:12     | Noticed Gastronok
 13739 | D:12     | Killed Gastronok
 14101 | D:12     | Reached XP level 13. HP: 77/88 MP: 7/13
 14407 | D:12     | Reached skill level 1 in Axes
 14418 | D:12     | Reached skill level 10 in Armour
 14816 | D:13     | Reached skill level 10 in Shields
 15501 | D:14     | Noticed Nessos
 15519 | D:14     | Killed Nessos
 15521 | D:14     | Reached skill level 14 in Fighting
 16390 | D:14     | Found a bloodstained altar of Trog.
 16471 | D:14     | Reached skill level 5 in Evocations
 16509 | D:14     | Noticed a vault guard
 16566 | D:14     | Noticed a vault guard
 16572 | D:14     | Killed a vault guard
 16689 | D:14     | Killed a vault guard
 16751 | D:14     | Noticed a vault guard
 16764 | D:14     | Killed a vault guard
 16836 | D:14     | Found a gate to the Vaults.
 16868 | D:14     | Killed from afar by a deep elf knight

Illustrated notes

Levels and vault maps discovered:
D:1:      dpeg_arrival_long_road, layout_rooms
D:2:      layout_loops_corners, grunt_ministairs_13,
          wander_ebering_terrifying_dragon_lair
D:3:      layout_basic, serial_undead, serial_undead_c, serial_undead_a,
          serial_undead_c, serial_undead_d, serial_undead_d
D:4:      minmay_chambers_of_twos, layout_basic, nicolae_overflow_crystal_walls,
          lemuel_crystal_altar, kennysheep_generic_room_12
D:5:      layout_layer_cave, general_overflow_altar, serial_shops, shop,
          ebering_ghost_disaster_area
D:6:      layout_cave_pods, lemuel_round_altar,
          mainiacjoe_overflow_tiny_flanked, mainiacjoe_overflow_alcove_1
D:7:      layout_cave_pods, okawaru_ov_weapons_minmay,
          minmay_temple_entry_sparse_star, serial_gnoll_camp,
          gnoll_camp_mini_hut, gnoll_camp_mini_hut, gnoll_camp_mini_shop,
          gnoll_camp_mini_hut, grunt_livestock
D:8:      layout_basic, hellmonk_lair_entry_icy, serial_shops, shop_fountains,
          shop, shop_fountains, shop, due_unseen_surprise, uniq_pikel
D:9:      layout_stronghold, mainiacjoe_overflow_boulevard,
          lemuel_coloured_pillars_altar, nicolae_overflow_hidden_temple,
          st_stairs_4
D:10:     layout_layer_cave, slow_altar_1, david_orc_1_choice, uniq_fannar
D:11:     layout_basic, gammafunk_ghost_grave, uniq_grum
D:12:     layout_basic, minmay_the_grid_2x2 [minmay_the_grid_rooms,
          minmay_the_grid_tree, minmay_the_grid_dragon_a,
          minmay_the_grid_prize_four_corners_diamond_a], uniq_frances,
          uniq_gastronok
D:13:     layout_rooms
D:14:     layout_basic, grunt_vaults_entry_fortified, trog_three_pillars_becter,
          kennysheep_pointless_box, uniq_nessos

Skill      XL: |  1  2  3  4  5  6  7  8  9 10 11 12 13 |
---------------+----------------------------------------+-----
Fighting       | 4 5 6 7 9 11 12 13 14 | 14.4
Maces & Flails | 3 4 5 6 8 9 11 12 | 12.7
Armour         | 4 5 6 8 9 10 | 10.6
Shields        | 4 5 6 8 9 10 | 10.5
Evocations     | 2 4 5 |  5.2
Dodging        | 2 3 |  3.9
Axes           | 3 |  3.5

Action                     |  1- 3 |  4- 6 |  7- 9 | 10-12 | 13-15 || total
---------------------------+-------+-------+-------+-------+-------++-------
  Melee: Flail             |    88 |   128 |       |       |       ||   216
         Whip              |       |    59 |   304 |   855 |       ||  1218
         Unarmed           |       |       |       |     2 |       ||     2
         War axe           |       |       |       |    43 |   203 ||   246
         Broad axe         |       |       |       |       |    50 ||    50
  Throw: Dart              |       |       |       |    25 |       ||    25
 Invoke: Potion Petition   |       |       |       |       |     2 ||     2
  Evoke: Wand              |       |       |     3 |     6 |     1 ||    10
    Use: Potion            |       |     4 |       |     5 |     3 ||    12
         Scroll            |       |       |    13 |    13 |    10 ||    36
   Stab: Paralysed         |       |       |     5 |       |       ||     5
         Distracted        |       |       |       |     2 |     1 ||     3
 Armour: Scale mail        |    39 |   120 |   170 |   392 |   185 ||   906
  Dodge: Dodged            |    56 |   111 |   126 |   384 |   190 ||   867
  Block: Buckler           |    19 |    55 |    54 |       |       ||   128
         Kite shield       |       |       |     4 |   398 |   191 ||   593

Table legend: (Time is in decaauts)
 A = Elapsed time spent in this place.
 B = Non-inter-level travel time spent in this place.
 C = Inter-level travel time spent in this place.
 D = Time resting spent in this place.
 E = Time spent auto-exploring this place.
 F = Levels seen in this place.
 G = Mean time per level.
                   A        B        C        D        E       F      G
               +--------+--------+--------+--------+--------+-----+--------+
         Total |  16728 |  16131 |    597 |    503 |  12483 |  14 | 1194.9 |
       Dungeon |  16728 |  16131 |    597 |    503 |  12483 |  14 | 1194.9 |
               +--------+--------+--------+--------+--------+-----+--------+

Top non-repeatable levels by time:
    D:12: 2070 daAuts
    D:10: 1890 daAuts
     D:9: 1515 daAuts
     D:8: 1412 daAuts
     D:5: 1298 daAuts
    D:11: 1281 daAuts
    D:14: 1276 daAuts
     D:7: 1094 daAuts
     D:2: 989 daAuts
    D:13: 932 daAuts
     D:3: 910 daAuts
     D:6: 890 daAuts
     D:4: 655 daAuts
     D:1: 511 daAuts
